 Dungeon Crawl Stone Soup version 0.17.1-3-g152610e (webtiles) character file.

249 inmateoo the Skirmisher (level 5, 0/37 HPs)
             Began as a High Elf Fighter on Feb 21, 2016.
             Killed by divine providence
             ... invoked by an orc priest
              (11 damage)
             ... on level 3 of the Dungeon.
             The game lasted 00:03:38 (3184 turns).

inmateoo the Skirmisher (High Elf Fighter)          Turns: 3184, Time: 00:03:38

Health: 0/37       AC:  7    Str: 16    XL:     5   Next: 86%
Magic:  6/6        EV:  5    Int: 12    God:
Gold:   99         SH: 13    Dex: 14    Spells: 0 memorised, 4 levels left

rFire  . . .     SeeInvis .     p - +0 hand axe (flame)
rCold  . . .     Clarity  .     b - +0 scale mail
rNeg   . . .     SustAt   .     m - +0 large shield (curse)
rPois  .         Gourm    .     g - +1 hat
rElec  .         Spirit   .     (no cloak)
rCorr  .         Warding  .     (no gloves)
rMut   .         Rnd*Tele +     (no boots)
MR     .....                    k - amulet of faith (curse)
Stlth  ..........               (no ring)
                                c - ring of teleportation (curse)

@: not resistant to hostile enchantments, extremely unstealthy
A: no striking features
a: Evoke Teleportation


You were on level 3 of the Dungeon.
You were very hungry.

You visited 1 branch of the dungeon, and saw 3 of its levels.

You collected 99 gold pieces.

Inventory:

Hand Weapons
 a - a +1 war axe
 p - a +0 hand axe of flaming (weapon)
Armour
 b - a +0 scale mail (worn)
 g - a +1 hat (worn)
 m - a cursed +0 large shield (worn)
Jewellery
 c - a cursed ring of teleportation (left hand)
 k - a cursed amulet of faith (around neck)
 l - an uncursed amulet of warding {unknown}
Wands
 d - a wand of magic darts (9)
Scrolls
 q - a scroll of teleportation
Potions
 f - a potion of berserk rage {unknown}
 n - a potion of cure mutation
 s - a potion of flight {unknown}
Comestibles
 e - 2 bread rations
 o - 3 meat rations


   Skills:
 + Level 4.0 Fighting
 * Level 3.4 Axes
 + Level 3.6 Armour
 + Level 3.4 Shields


You had 4 spell levels left.
You didn't know any spells.

Dungeon Overview and Level Annotations

Branches:
Dungeon (3/15)

Altars:
Sif Muna

Annotations:
D:3 Sigmund


Message History

Sigmund hits you with an enchanted scythe.
You block the orc's attack. x2
Your shield and scale mail prevent you from hitting Sigmund.
Sigmund is heavily wounded.
You hit the orc. You burn the orc.
The orc is heavily wounded.
Your shield and scale mail prevent you from hitting the orc.
You block the orc's attack.
Sigmund zaps a wand.
You block the puff of flame. The orc barely misses you.
An orc priest comes into view. It is wielding a mace.
The orc priest invokes the aid of Beogh against you.
Something smites you!
* * * LOW HITPOINT WARNING * * *
Sigmund zaps a wand.
The puff of flame misses you.
Unknown command.
Drink which item? (? for menu, Esc to quit)
You feel better.
The orc priest calls down the wrath of Beogh upon you.
Something smites you!
You die...

#..#.........#.#####.............
.....[....#............†.......##
.................###...........#
##.#.........#.#.# ##..........#
#.#........##.#.####..##......#.
................<...............
.#.#.......###.#..###..######.#..
...........#.o............###.+..
.#.#.......#.#)o@..###.......##..
#...........##o#...##.......##..
#..#.#.....#.@##.###.......##..
......#..##.# #.###......#
............# #...'......# ###
.#...#.#######..##......# ... .#.
##.....#...)....##...)..# ..
..........'.........#......# .##
#...###.###.........#......#


You could see Sigmund, an orc priest and 2 orcs.

Vanquished Creatures
  Purgy (D:3)
  Jessica (D:3)
  Natasha (thrice) (D:3)
  An adder (D:3)
  A gnoll (D:1)
  An ooze (D:1)
  2 worms
  3 giant geckos
  5 orcs
  2 giant cockroaches (D:1)
  3 goblins
  3 hobgoblins
  5 jackals (D:2)
  11 kobolds
  A quokka (D:2)
  7 bats
  3 giant newts
  10 rats
  A plant (D:1)
64 creatures vanquished.

Notes
Turn   | Place    | Note
--------------------------------------------------------------
     0 | D:1      | inmateoo the High Elf Fighter began the quest for the Orb.
     0 | D:1      | Reached XP level 1. HP: 16/16 MP: 2/2
    95 | D:1      | Reached XP level 2. HP: 19/21 MP: 3/3
   437 | D:1      | Reached XP level 3. HP: 26/26 MP: 4/4
  2140 | D:3      | Noticed Purgy
  2146 | D:3      | Noticed Jessica
  2147 | D:3      | Reached XP level 4. HP: 11/31 MP: 5/5
  2148 | D:3      | Killed Purgy
  2148 | D:3      | Reached XP level 5. HP: 11/37 MP: 6/6
  2153 | D:3      | Killed Jessica
  2334 | D:3      | Found a deep blue altar of Sif Muna.
  2351 | D:3      | Noticed Sigmund
  2680 | D:3      | Noticed Natasha
  2686 | D:3      | Killed Natasha
  2686 | D:3      | Reached skill level 4 in Fighting
  2768 | D:3      | Noticed Natasha
  2783 | D:3      | Killed Natasha
  2786 | D:3      | Noticed Natasha
  2787 | D:3      | HP: 1/37 [Natasha/wand of magic darts (3)]
  3048 | D:3      | Killed Natasha
  3183 | D:3      | HP: 1/37 [orc priest/divine providence (13)]
  3184 | D:3      | Killed from afar by an orc priest

Action                   |  1- 3 |  4- 6 || total
-------------------------+-------+-------++-------
Melee: War axe           |   123 |       ||   123
       Hand axe          |    19 |    65 ||    84
  Use: Scroll            |     5 |     4 ||     9
       Potion            |     1 |     4 ||     5
  Eat: Chunk             |     3 |     3 ||     6
